 Dungeon Crawl Stone Soup version 0.30.0-29-ga12c61a403 (webtiles) character file.

Game seed: 2853707625931566099

176905 qw the Peltast (level 18, -19/116 HPs)
             Began as a Gargoyle Fighter on June 5, 2023.
             Was an Elder of Okawaru.
             Blown up by an orb spider (41 damage)
             ... with an orb of destruction
             ... on level 1 of the Spider Nest.
             The game lasted 00:15:13 (26517 turns).

qw the Peltast (Gargoyle Fighter)                  Turns: 26517, Time: 00:15:14

Health: -19/116    AC: 48    Str: 30      XL:     18   Next: 15%
Magic:  25/25      EV: 16    Int:  9      God:    Okawaru [****..]
Gold:   120        SH: 22    Dex: 10 (11) Spells: 17/17 levels left

rFire   + + .        y - +11 war axe "Qonaamoe" {heavy, Str+2}
rCold   + + .        L - +0 tower shield
rNeg    + + .        c - +3 plate armour "Laupliwnu" {rN+ Dex+2 Stlth+}
rPois   inf          a - +0 helmet "Nuisemol" {rF++ rC++ Stlth-}
rElec   +            w - +2 cloak
rCorr   .            f - +2 pair of gloves
SInv    +            b - +2 pair of boots
Will    +....        k - amulet of faith Stlth
                     q - ring of see invisible
HPRegen 0.39/turn    j - +5 ring of evasion
MPRegen 0.19/turn

%: faith
@: heroic, flying, very slightly contaminated
A: sickness immunity, AC +13, big wings, negative energy resistance 1,
electricity resistance, torment resistance 1, petrification resistance, talons
1, deterioration 1, MP-powered wands
a: Renounce Religion, Heroism, Finesse


You were on level 1 of the Spider Nest.
You worshipped Okawaru.
Okawaru was greatly pleased with you.
You visited 6 branches of the dungeon, and saw 27 of its levels.
You visited 1 bazaar.

You collected 3071 gold pieces.
You spent 2951 gold pieces at shops.


Innate Abilities, Weirdness & Mutations

You are immune to sickness and miasma.
Your stone body is resilient. (AC +13)
You are immune to poison.
Your large and strong wings let you fly.
You resist negative energy. (rN+)
You are resistant to electric shocks. (rElec)
You are resistant to unholy torment.
You are immune to petrification.
You have sharp toenails.
Your body sometimes deteriorates upon taking damage.
You expend magic power (3 MP) to strengthen your wands.


   Skills:
 - Level 14.0(19.0) Fighting
 - Level 16.0(21.0) Axes
 - Level 7.0(12.0) Throwing
 + Level 13.3(18.3) Armour
 - Level 4.0(9.0) Dodging
 - Level 18.0(23.0) Shields
 - Level 10.0 Invocations


You had 17 spell levels left.
You didn't know any spells.
Your spell library was empty.

Inventory:

Hand Weapons
 y - the +11 war axe "Qonaamoe" (weapon) {heavy, Str+2}
   (You found it on level 6 of the Dungeon)

   Str:       It affects your strength (+2).
 E - a +2 broad axe of electrocution
Missiles
 p - 32 boomerangs
 I - 8 javelins (quivered)
Armour
 a - the +0 helmet "Nuisemol" (worn) {rF++ rC++ Stlth-}
   (You acquired it on level 1 of the Dungeon)

   rF:        It greatly protects you from fire.
   rC:        It greatly protects you from cold.
   Stlth:     It makes you less stealthy.
 b - a +2 pair of boots (worn)
 c - the +3 plate armour "Laupliwnu" (worn) {rN+ Dex+2 Stlth+}
   (You bought it in a shop in a bazaar)

   Dex:       It affects your dexterity (+2).
   rN:        It protects you from negative energy.
   Stlth:     It makes you more stealthy.
 f - a +2 pair of gloves (worn)
 s - a +0 plate armour of cold resistance
 w - a +2 cloak (worn)
 C - +0 acid dragon scales
 F - the +2 hat "Damnable Contraption" {rN+}
   (Okawaru gifted it to you on level 3 of the Lair of Beasts)

   rN:        It protects you from negative energy.
 K - a +2 plate armour of fire resistance
 L - a +0 tower shield (worn)
Jewellery
 e - a ring of ice
 j - a +5 ring of evasion (right hand)
 k - an amulet of faith (around neck)
 q - a ring of see invisible (left hand)
 t - an amulet of reflection
 z - a ring of resist corrosion
 B - a ring of fire
 D - a ring of ice
 J - a +4 ring of slaying {mikee}
Scrolls
 n - 7 scrolls of teleportation
 o - 2 scrolls of brand weapon
 x - 20 scrolls of identify
 G - a scroll of enchant weapon
Potions
 d - 8 potions of might
 g - 17 potions of curing
 h - 4 potions of heal wounds
 i - 2 potions of haste
 l - 6 potions of mutation
 m - 6 potions of cancellation
 r - 6 potions of magic
 v - 7 potions of lignification
 A - 7 potions of attraction

Dungeon Overview and Level Annotations

Branches:
Dungeon (15/15)            Temple (1/1) D:4            Lair (5/5) D:9
 Shoals (3/4) Lair:3       Spider (1/4) Lair:3        Slime (0/5) Lair:5
    Orc (2/2) D:12            Elf (0/3) Orc:2        Vaults (0/5) D:13
 Depths (0/4) D:15

Altars:
Ashenzari
Cheibriados
Dithmenos
Elyvilon
Fedhas
Gozag
Hepliaklqana
Kikubaaqudgha
Makhleb
Nemelex Xobeh
Okawaru
Qazlal
Ru
Sif Muna
Trog
Uskayaw
Vehumet
Wu Jian
Xom
Yredelemnul
Zin
The Shining One
Jiyva

Shops:
D:5 *   D:7 *   D:8 *   D:14 =   Orc:2 *[:(*   Shoals:2 ?(!(   Shoals:3 =

Annotations:
D:7 2 transporters, qw's ghost, novice GrFi
D:14 2 transporters
Lair:5 1 runed translucent door


Message History

The jumping spider leaps!
You carve the jumping spider like a ham!!!
You kill the jumping spider!
Okawaru accepts your kill.
The jumping spider leaps!
A boulder beetle comes into view.
The orb spider spins a strand of pure energy.
The boulder beetle curls into a ball and begins rolling!
You feel your dexterity returning.
You hit the wolf spider.
The wolf spider is lightly wounded.
You hit the torpor snail but do no damage.
You block the wolf spider's attack. x2
The orb spider begins to weave its threads into a brightly glowing ball.
The jumping spider leaps!
You block the wolf spider's attack.
The wolf spider bites you but does no damage.
The torpor snail bites you but does no damage.
You slice the wolf spider!!
The wolf spider is heavily wounded.
You slice the torpor snail!! You block the wolf spider's attack.
The wolf spider barely misses you.
The orb spider weaves a glowing orb of energy.
You block the wolf spider's attack. The wolf spider completely misses you.
The jumping spider leaps!
The torpor snail misses you. The wolf spider closely misses you.
The wolf spider bites you but does no damage.
An orb of destruction comes into view.
You barely miss the wolf spider.
The wolf spider is heavily wounded.
You chop the torpor snail into pieces!!!
You kill the torpor snail!
Okawaru accepts your kill.
You hit the boulder beetle but do no damage.
You feel yourself speed up.
You block the wolf spider's attack. x2; You block the jumping spider's attack.
The jumping spider closely misses you. The boulder beetle hits you!!
Your body deteriorates!
You feel clumsy.
The boulder beetle stops rolling and uncurls.
The orb of destruction hits you!!!
You die...

..........#...
#......$.>.....
....!.....^...
.....0......#.
#.##...0.......#.
#.....(00#s......
#^^...Bs0...0.....
#..##@s#........
#..%/..........
#.....%%..#....
###...s........
#...%.%...#..
##...<..^....
#..............
#..............
##.#...........


You could see a boulder beetle, a wolf spider, 2 orb spiders and a jumping
spider.

Vanquished Creatures
  Rupert (D:15)
  Mlioglotl (Shoals:1)
  Frances (D:13)
  A kraken (Shoals:1)
  Roxanne (Shoals:1)
  Louise (D:15)
  Aizul (Shoals:1)
  4 orc warlords
  An eleionoma (shapeshifter) (D:15)
  Snorg (Orc:2)
  A merfolk impaler (Shoals:2)
  A merfolk javelineer (Shoals:3)
  Josephine (D:12)
  An entropy weaver (Spider:1)
  Fannar (Lair:3)
  3 vault guards (D:13)
  A rakshasa (D:15)
  Erica (Orc:1)
  5 merfolk avatars (Shoals:2)
  4 centaur warriors
  8 hydras
  4 catoblepae (Lair:5)
  2 boulder beetles
  An anaconda (Lair:5)
  3 two-headed ogres
  2 alligator snapping turtles
  A radroach (Spider:1)
  2 tengu warriors (D:15)
  A merfolk aquamancer (Shoals:1)
  9 death yaks
  4 orc high priests
  Urug (D:13)
  A deep elf knight (Orc:1)
  A fire crab (Lair:5)
  3 skysharks
  8 sea snakes
  4 orc knights
  Pikel (D:7)
  14 harpies
  3 deep elf pyromancers
  3 wolf spiders
  6 orc sorcerers
  15 manticores
  A salamander (D:15)
  16 ugly things
  9 cyclopes
  3 merfolk sirens
  5 elephants (Lair:4)
  5 water nymphs
  7 black mambas
  3 gargoyles (D:10)
  2 torpor snails
  An unseen horror (D:12)
  2 kobold demonologists
  Maggie (D:8)
  18 cane toads
  2 freezing wraiths (D:15)
  A cane toad (shapeshifter) (D:14)
  2 efreet
  9 komodo dragons
  4 rime drakes
  3 tengu conjurers (D:15)
  15 merfolk
  3 polar bears
  5 trolls
  7 blink frogs
  A hornet (D:10)
  A queen bee (D:10)
  4 wind drakes
  A raiju (shapeshifter) (D:14)
  6 snapping turtles
  6 dream sheep
  10 jumping spiders (Spider:1)
  2 culicivoras (Spider:1)
  2 vampires
  13 slime creatures
  4 shadows
  67 yaks
  5 wyverns
  2 fire elementals (D:10)
  6 wraiths
  7 water elementals (Shoals:1)
  8 basilisks
  8 humans (D:13)
  6 redbacks
  7 vampire mosquitoes
  6 wargs (Orc:1)
  Menkaure (D:7)
  5 steam dragons
  3 acid dragons
  25 water moccasins
  40 orc warriors
  5 black bears
  An ice beast (D:8)
  A sky beast (D:8)
  13 ogres
  18 wolves
  26 centaurs
  4 kobold brigands
  10 bullfrogs
  2 two-headed ogre simulacra (D:13)
  2 scorpions
  A cane toad simulacrum (D:13)
  10 wights
  34 killer bees
  8 howler monkeys
  5 jellies
  30 orc priests
  2 sleepcaps
  2 hounds
  Jessica (D:3)
  A gnoll bouda (D:4)
  Ijyb (D:4)
  Terence (D:3)
  5 iguanas
  34 orc wizards
  A spriggan simulacrum (D:13)
  2 troll simulacra (D:13)
  7 gnolls
  2 naga simulacra (D:13)
  6 adders
  A shadow imp (D:5)
  2 white imps
  An ufetubus (D:6)
  4 worms
  A dart slug (D:5)
  121 orcs
  3 bats
  7 endoplasms
  3 giant cockroaches
  8 goblins
  4 hobgoblins
  15 jackals
  37 kobolds
  4 quokkas
  12 ball pythons
  4 frilled lizards
  8 rats
  3 tentacles (Shoals:1)
972 creatures vanquished.

Vanquished Creatures (others)
  A human (D:13)
  A redback (Spider:1)
  A tentacle (Shoals:1)
3 creatures vanquished.

Grand Total: 975 creatures vanquished

Notes
Turn   | Place    | Note
-------+----------+-------------------------------------------
     0 | D:1      | qw the Gargoyle Fighter began the quest for the Orb.
     0 | D:1      | Reached XP level 1. HP: 14/14 MP: 1/1
     0 | D:1      | 0 ||| qw: Version: 0.2-a-108-gee2c290
     0 | D:1      | 0 ||| qw: Game counter: 1434
     0 | D:1      | 0 ||| qw: Always use a shield: true
     0 | D:1      | 0 ||| qw: God list: Okawaru
     0 | D:1      | 0 ||| qw: Allow faded altars: false
     0 | D:1      | 0 ||| qw: Do Orc after D:15 true
     0 | D:1      | 0 ||| qw: Do second Lair branch before Depths: true
     0 | D:1      | 0 ||| qw: Lair rune preference: random
     0 | D:1      | 0 ||| qw: Plans: Normal, Zot:1-4, Slime:5, God:TSO, Crypt,
                  | Tomb, Abyss, Pan, Hells, Win
     0 | D:1      | 0 ||| PLANNING D:1-11
   118 | D:1      | Reached XP level 2. HP: 19/19 MP: 2/2
   207 | D:1      | 207 ||| DROPPING +0 club.
   364 | D:1      | Reached skill level 3 in Axes
   415 | D:1      | Reached XP level 3. HP: 19/23 MP: 3/3
   464 | D:1      | 464 ||| Stepping ~*~*~tactically~*~*~ (stealth).
   547 | D:1      | 547 ||| Stepping ~*~*~tactically~*~*~ (hiding).
   788 | D:1      | 788 ||| UPGRADING to +0 pair of gloves.
   793 | D:1      | 793 ||| UPGRADING to amulet of faith.
   798 | D:1      | 798 ||| READING scroll labelled AXYBRU WIYRYIC.
   799 | D:1      | 799 ||| READING scroll labelled WILUME WISHUX.
   799 | D:1      | Identified a scroll of acquirement
   799 | D:1      | 799 ||| ACQUIRING +0 helmet "Nuisemol" {rF++ rC++ Stlth-}
   799 | D:1      | Acquired the +0 helmet "Nuisemol" {rF++ rC++ Stlth-}
   801 | D:1      | 801 ||| UPGRADING to +0 helmet "Nuisemol" {rF++ rC++
                  | Stlth-}.
   885 | D:2      | 885 ||| Stepping ~*~*~tactically~*~*~ (stealth).
   932 | D:2      | Reached XP level 4. HP: 23/28 MP: 4/4
  1358 | D:2      | 1358 ||| Stepping ~*~*~tactically~*~*~ (hiding).
  1360 | D:2      | 1360 ||| Stepping ~*~*~tactically~*~*~ (hiding).
  1505 | D:2      | 1505 ||| READING scroll labelled POENED ENTO.
  1506 | D:2      | 1506 ||| READING scroll labelled NEJIAPSERA.
  1507 | D:2      | 1507 ||| DRINKING 3 glowing cyan potions.
  1508 | D:2      | 1508 ||| DRINKING 2 metallic brown potions.
  1509 | D:2      | 1509 ||| DROPPING potion of degeneration.
  1724 | D:3      | Noticed Jessica
  1725 | D:3      | 1725 ||| Stepping ~*~*~tactically~*~*~ (hiding).
  1728 | D:3      | 1728 ||| Stepping ~*~*~tactically~*~*~ (hiding).
  1738 | D:3      | Killed Jessica
  1739 | D:3      | Reached skill level 1 in Throwing
  1739 | D:3      | Reached XP level 5. HP: 32/32 MP: 5/5
  1865 | D:3      | Noticed Terence
  1869 | D:3      | Killed Terence
  2349 | D:3      | 2349 ||| UPGRADING to +0 plate armour.
  2359 | D:3      | 2359 ||| DROPPING +0 scale mail.
  2360 | D:3      | 2360 ||| DROPPING scarf of harm.
  2361 | D:3      | 2361 ||| UPGRADING to ring of resist corrosion.
  2362 | D:3      | 2362 ||| READING scroll labelled VEHIRE ISOIRPH.
  2365 | D:3      | 2365 ||| READING scroll labelled LISAEKLOMECW.
  2366 | D:3      | 2366 ||| READING scroll labelled HEFASU RERYOS.
  2467 | D:3      | 2467 ||| READING scroll labelled DUAMAWN WETS.
  2468 | D:3      | 2468 ||| DRINKING 3 metallic ruby potions.
  2521 | D:4      | 2521 ||| Stepping ~*~*~tactically~*~*~ (hiding).
  2552 | D:4      | Reached XP level 6. HP: 26/38 MP: 6/6
  2790 | D:4      | 2790 ||| DROPPING +0 whip.
  2997 | D:4      | Found a staircase to the Ecumenical Temple.
  2998 | D:4      | 2998 ||| PLANNING TEMPLE
  2998 | D:4      | 2998 ||| DROPPING orb of guile.
  2999 | D:4      | 2999 ||| DRINKING 2 inky potions.
  3000 | D:4      | 3000 ||| DROPPING potion of flight.
  3009 | Temple   | Entered the Ecumenical Temple
  3010 | Temple   | 3010 ||| PLANNING OKAWARU WORSHIP
  3018 | Temple   | Became a worshipper of Warmaster Okawaru
  3018 | Temple   | 3018 ||| PLANNING D:1-11
  3168 | D:4      | 3168 ||| Stepping ~*~*~tactically~*~*~ (stealth).
  3170 | D:4      | 3170 ||| Stepping ~*~*~tactically~*~*~ (hiding).
  3233 | D:4      | Noticed Ijyb
  3239 | D:4      | Killed Ijyb
  3240 | D:4      | Reached XP level 7. HP: 23/44 MP: 7/7
  3473 | D:4      | 3473 ||| UPGRADING to +2 pair of boots.
  3478 | D:4      | 3478 ||| READING scroll labelled TAMESS DUCYFUS.
  3479 | D:4      | 3479 ||| DROPPING +0 vampiric whip.
  3494 | D:5      | Entered Level 5 of the Dungeon
  3517 | D:5      | Reached skill level 6 in Axes
  3519 | D:5      | 3519 ||| Stepping ~*~*~tactically~*~*~ (stealth).
  3524 | D:5      | 3524 ||| Stepping ~*~*~tactically~*~*~ (stealth).
  3536 | D:5      | 3536 ||| FLEEEEING.
  3537 | D:5      | 3537 ||| FLEEEEING.
  3538 | D:5      | 3538 ||| STAIRDANCE
  3589 | D:5      | 3589 ||| STAIRDANCE
  3592 | D:4      | Reached * piety under Okawaru
  3695 | D:5      | 3695 ||| INVOKING Heroism.
  3704 | D:5      | Reached skill level 1 in Invocations
  3750 | D:5      | 3750 ||| INVOKING Heroism.
  3770 | D:5      | 3770 ||| Stepping ~*~*~tactically~*~*~ (hiding).
  3779 | D:5      | Reached XP level 8. HP: 45/48 MP: 9/9
  3800 | D:5      | 3800 ||| Stepping ~*~*~tactically~*~*~ (stealth).
  3802 | D:5      | 3802 ||| DRINKING 8 potions of curing.
  3802 | D:5      | 3802 ||| (to cure confusion)
  3803 | D:5      | 3803 ||| Stepping ~*~*~tactically~*~*~ (hiding).
  3808 | D:5      | 3808 ||| INVOKING Heroism.
  3820 | D:5      | Reached skill level 3 in Invocations
  3878 | D:5      | 3878 ||| INVOKING Heroism.
  3933 | D:5      | 3933 ||| Stepping ~*~*~tactically~*~*~ (stealth).
  3935 | D:5      | 3935 ||| Stepping ~*~*~tactically~*~*~ (stealth).
  3946 | D:5      | 3946 ||| Stepping ~*~*~tactically~*~*~ (hiding).
  3977 | D:5      | 3977 ||| Stepping ~*~*~tactically~*~*~ (hiding).
  3980 | D:5      | 3980 ||| Stepping ~*~*~tactically~*~*~ (hiding).
  3998 | D:5      | Reached skill level 1 in Dodging
  4001 | D:5      | 4001 ||| Stepping ~*~*~tactically~*~*~ (hiding).
  4015 | D:5      | 4015 ||| DRINKING 7 potions of curing.
  4015 | D:5      | 4015 ||| (to cure confusion)
  4319 | D:5      | 4319 ||| Stepping ~*~*~tactically~*~*~ (hiding).
  4336 | D:5      | Reached ** piety under Okawaru
  4373 | D:5      | Found Koakyot's Assorted Antiques.
  4379 | D:5      | 4379 ||| READING scroll of brand weapon.
  4379 | D:5      | 4379 ||| BRANDING +0 war axe of flaming.
  4562 | D:5      | 4562 ||| DROPPING +0 club.
  4563 | D:5      | 4563 ||| DROPPING +0 mace.
  4570 | D:5      | Found a glowing silver altar of Zin.
  4633 | D:5      | 4633 ||| UPGRADING to +0 cloak.
  4638 | D:5      | 4638 ||| UPGRADING to +5 ring of evasion.
  4639 | D:5      | 4639 ||| READING scroll labelled UWIELI LUSKEFY.
  4640 | D:5      | 4640 ||| DRINKING 3 fizzy blue potions.
  4641 | D:5      | 4641 ||| DROPPING 2 potions of brilliance.
  4692 | D:6      | 4692 ||| READING scroll labelled SOGEAG XERPHIAL.
  4697 | D:6      | 4697 ||| STAIRDANCE
  4701 | D:5      | 4701 ||| BUYING 2 blue potions (43 gold).
  4701 | D:5      | Bought 2 blue potions for 43 gold pieces
  4701 | D:5      | 4701 ||| BUYING potion of might (96 gold).
  4701 | D:5      | Bought a potion of might for 96 gold pieces
  4701 | D:5      | 4701 ||| BUYING red potion (21 gold).
  4701 | D:5      | Bought a red potion for 21 gold pieces
  4701 | D:5      | 4701 ||| BUYING scroll labelled CESSULIMUDU (24 gold).
  4701 | D:5      | Bought a scroll labelled CESSULIMUDU for 24 gold pieces
  4701 | D:5      | 4701 ||| SHOPLISTING scroll of acquirement (1248 gold, have
                  | 182).
  4701 | D:5      | 4701 ||| BUYING white potion (21 gold).
  4701 | D:5      | Bought a white potion for 21 gold pieces
  4701 | D:5      | 4701 ||| READING scroll labelled CESSULIMUDU.
  4702 | D:5      | 4702 ||| DRINKING 2 blue potions.
  4703 | D:5      | 4703 ||| DRINKING 2 white potions.
  4703 | D:5      | Gained mutation: Your body sometimes deteriorates upon
                  | taking damage. [potion of mutation]
  4703 | D:5      | Gained mutation: You expend magic power (3 MP) to
                  | strengthen your wands. [potion of mutation]
  4703 | D:5      | Gained mutation: You have sharp toenails. [potion of
                  | mutation]
  4784 | D:6      | 4784 ||| INVOKING Heroism.
  4817 | D:6      | 4817 ||| Stepping ~*~*~tactically~*~*~ (hiding).
  4820 | D:6      | 4820 ||| INVOKING Heroism.
  4845 | D:6      | 4845 ||| READING scroll of enchant weapon.
  4845 | D:6      | 4845 ||| ENCHANTING +1 heavy war axe.
  4907 | D:6      | 4907 ||| DROPPING +0 flail.
  5000 | D:6      | Found a bloodstained altar of Trog.
  5142 | D:6      | Reached XP level 9. HP: 54/54 MP: 12/12
  5157 | D:6      | 5157 ||| Stepping ~*~*~tactically~*~*~ (stealth).
  5179 | D:6      | 5179 ||| Stepping ~*~*~tactically~*~*~ (stealth).
  5300 | D:6      | 5300 ||| INVOKING Heroism.
  5335 | D:6      | Identified the +11 war axe "Qonaamoe" {heavy, Str+2}
  5337 | D:6      | 5337 ||| SWAPPING to +11 war axe "Qonaamoe" {heavy, Str+2}.
  5344 | D:6      | 5344 ||| Stepping ~*~*~tactically~*~*~ (stealth).
  5348 | D:6      | Reached skill level 6 in Fighting
  5351 | D:6      | Reached *** piety under Okawaru
  5352 | D:6      | Reached skill level 6 in Armour
  5533 | D:6      | 5533 ||| READING 2 scrolls of identify.
  5533 | D:6      | 5533 ||| IDENTIFYING red potion
  5534 | D:6      | 5534 ||| DROPPING potion of invisibility.
  5559 | D:7      | 5559 ||| Stepping ~*~*~tactically~*~*~ (hiding).
  5562 | D:7      | 5562 ||| Stepping ~*~*~tactically~*~*~ (hiding).
  5680 | D:7      | 5680 ||| INVOKING Heroism.
  5724 | D:7      | Found Jiboek's Neck Hole.
  5726 | D:7      | Noticed Pikel
  5727 | D:7      | 5727 ||| Stepping ~*~*~tactically~*~*~ (stealth).
  5728 | D:7      | 5728 ||| Stepping ~*~*~tactically~*~*~ (stealth).
  5729 | D:7      | 5729 ||| INVOKING Heroism.
  5730 | D:7      | 5730 ||| Stepping ~*~*~tactically~*~*~ (stealth).
  5732 | D:7      | Killed Pikel
  5733 | D:7      | Reached skill level 9 in Axes
  5755 | D:7      | 5755 ||| BUYING +2 cloak (231 gold).
  5755 | D:7      | Bought a +2 cloak for 231 gold pieces
  5755 | D:7      | 5755 ||| SHOPLISTING scarf of resistance (448 gold, have
                  | 4).
  5899 | D:7      | Reached XP level 10. HP: 61/61 MP: 13/13
  5909 | D:7      | Reached skill level 4 in Shields
  5982 | D:7      | 5982 ||| Stepping ~*~*~tactically~*~*~ (stealth).
  5983 | D:7      | 5983 ||| Stepping ~*~*~tactically~*~*~ (stealth).
  5985 | D:7      | 5985 ||| Stepping ~*~*~tactically~*~*~ (hiding).
  5998 | D:7      | 5998 ||| Stepping ~*~*~tactically~*~*~ (stealth).
  6032 | D:7      | Found a transporter.
  6035 | D:7      | Found a transporter.
  6039 | D:7      | Noticed qw's ghost (novice GrFi)
  6047 | D:7      | Noticed a deep elf pyromancer
  6068 | D:7      | 6068 ||| Stepping ~*~*~tactically~*~*~ (stealth).
  6155 | D:7      | 6155 ||| Stepping ~*~*~tactically~*~*~ (stealth).
  6200 | D:7      | Noticed Menkaure
  6201 | D:7      | 6201 ||| INVOKING Heroism.
  6204 | D:7      | Killed Menkaure
  6209 | D:7      | 6209 ||| Stepping ~*~*~tactically~*~*~ (stealth).
  6304 | D:7      | 6304 ||| UPGRADING to +2 cloak.
  6314 | D:7      | 6314 ||| DROPPING +0 cloak.
  6315 | D:7      | 6315 ||| UPGRADING to ring of see invisible.
  6317 | D:7      | 6317 ||| READING scroll labelled VIKEFR GIKUF.
  6318 | D:7      | 6318 ||| READING 2 scrolls of identify.
  6318 | D:7      | 6318 ||| IDENTIFYING coppery potion
  6357 | D:8      | 6357 ||| Stepping ~*~*~tactically~*~*~ (stealth).
  6361 | D:8      | 6361 ||| Stepping ~*~*~tactically~*~*~ (stealth).
  6366 | D:8      | 6366 ||| Stepping ~*~*~tactically~*~*~ (hiding).
  6367 | D:8      | 6367 ||| Stepping ~*~*~tactically~*~*~ (hiding).
  6372 | D:8      | 6372 ||| INVOKING Heroism.
  6487 | D:8      | 6487 ||| INVOKING Heroism.
  6702 | D:8      | 6702 ||| INVOKING Heroism.
  6706 | D:8      | 6706 ||| Stepping ~*~*~tactically~*~*~ (hiding).
  6870 | D:8      | 6870 ||| INVOKING Heroism.
  6877 | D:8      | Reached **** piety under Okawaru
  6920 | D:8      | 6920 ||| INVOKING Heroism.
  6922 | D:8      | 6922 ||| DROPPING +2 heavy war axe.
  6931 | D:8      | 6931 ||| Stepping ~*~*~tactically~*~*~ (stealth).
  6940 | D:8      | Noticed a four-headed hydra
  6942 | D:8      | 6942 ||| SWAPPING to +0 morningstar.
  6944 | D:8      | 6944 ||| INVOKING Heroism.
  6949 | D:8      | Killed a four-headed hydra
  6950 | D:8      | 6950 ||| SWAPPING to +11 war axe "Qonaamoe" {heavy, Str+2}.
  6951 | D:8      | Noticed a centaur warrior
  6955 | D:8      | Killed a centaur warrior
  6955 | D:8      | Noticed a boulder beetle
  6956 | D:8      | Reached skill level 5 in Shields
  6956 | D:8      | Reached skill level 6 in Invocations
  6956 | D:8      | Reached XP level 11. HP: 40/68 MP: 12/15
  6967 | D:8      | Killed a boulder beetle
  6974 | D:8      | Noticed a cyclops
  6975 | D:8      | 6975 ||| FLEEEEING.
  6976 | D:8      | 6976 ||| FLEEEEING.
  6984 | D:8      | 6984 ||| INVOKING Heroism.
  6993 | D:8      | Killed a cyclops
  7104 | D:8      | 7104 ||| Stepping ~*~*~tactically~*~*~ (stealth).
  7154 | D:8      | Noticed a centaur warrior
  7155 | D:8      | 7155 ||| Stepping ~*~*~tactically~*~*~ (hiding).
  7163 | D:8      | Killed a centaur warrior
  7163 | D:8      | Reached ***** piety under Okawaru
  7245 | D:8      | Found Rirocry's Assorted Antiques.
  7249 | D:8      | 7249 ||| SHOPLISTING glowing plate armour (780 gold, have
                  | 331).
  7249 | D:8      | 7249 ||| BUYING scroll of identify (60 gold).
  7249 | D:8      | Bought a scroll of identify for 60 gold pieces
  7249 | D:8      | 7249 ||| BUYING scroll of identify (60 gold).
  7249 | D:8      | Bought a scroll of identify for 60 gold pieces
  7264 | D:8      | Noticed Maggie
  7269 | D:8      | Killed Maggie
  7273 | D:8      | 7273 ||| Stepping ~*~*~tactically~*~*~ (stealth).
  7275 | D:8      | 7275 ||| INVOKING Heroism.
  7311 | D:8      | 7311 ||| Stepping ~*~*~tactically~*~*~ (hiding).
  7470 | D:8      | 7470 ||| UPGRADING to +3 plate armour.
  7480 | D:8      | 7480 ||| DROPPING +0 plate armour.
  7481 | D:8      | 7481 ||| DROPPING amulet of regeneration.
  7482 | D:8      | 7482 ||| READING 4 scrolls of identify.
  7482 | D:8      | 7482 ||| IDENTIFYING puce potion
  7483 | D:8      | 7483 ||| READING 3 scrolls of identify.
  7483 | D:8      | 7483 ||| IDENTIFYING metallic green potion
  7484 | D:8      | 7484 ||| DROPPING potion of ambrosia.
  7536 | D:9      | Found a staircase to the Lair.
  7537 | D:9      | 7537 ||| INVOKING Heroism.
  7542 | D:9      | Received a gift from Okawaru
  7558 | D:9      | Reached skill level 9 in Invocations
  7562 | D:9      | HP: 11/69 [orc warrior/+0 glaive (11)]
  7563 | D:9      | 7563 ||| READING 3 scrolls of teleportation.
  7564 | D:9      | 7564 ||| DRINKING 3 potions of heal wounds.
  7700 | D:9      | Noticed a cyclops
  7701 | D:9      | 7701 ||| Stepping ~*~*~tactically~*~*~ (hiding).
  7702 | D:9      | 7702 ||| Stepping ~*~*~tactically~*~*~ (hiding).
  7707 | D:9      | Noticed a six-headed hydra
  7708 | D:9      | 7708 ||| INVOKING Heroism.
  7709 | D:9      | Killed a cyclops
  7710 | D:9      | 7710 ||| INVOKING Finesse.
  7714 | D:9      | 7714 ||| SWAPPING to +0 morningstar.
  7721 | D:9      | Killed a six-headed hydra
  7722 | D:9      | Reached skill level 9 in Fighting
  7722 | D:9      | 7722 ||| SWAPPING to +11 war axe "Qonaamoe" {heavy, Str+2}.
  7858 | D:9      | 7858 ||| Stepping ~*~*~tactically~*~*~ (hiding).
  8004 | D:9      | Reached XP level 12. HP: 75/76 MP: 19/19
  8234 | D:9      | 8234 ||| Stepping ~*~*~tactically~*~*~ (stealth).
  8235 | D:9      | 8235 ||| Stepping ~*~*~tactically~*~*~ (stealth).
  8243 | D:9      | Reached ****** piety under Okawaru
  8245 | D:9      | Reached skill level 9 in Armour
  8293 | D:9      | 8293 ||| Stepping ~*~*~tactically~*~*~ (hiding).
  8298 | D:9      | 8298 ||| Stepping ~*~*~tactically~*~*~ (hiding).
  8354 | D:9      | Found a shimmering altar of Xom.
  8354 | D:9      | Found a faded altar of an unknown god.
  8361 | D:9      | Found a basalt altar of Yredelemnul.
  8363 | D:9      | Found a hazy altar of Hepliaklqana.
  8365 | D:9      | Found a white marble altar of Elyvilon.
  8418 | D:9      | 8418 ||| PLANNING LAIR
  8449 | Lair:1   | Entered Level 1 of the Lair of Beasts
  8675 | Lair:1   | 8675 ||| Stepping ~*~*~tactically~*~*~ (stealth).
  8680 | Lair:1   | 8680 ||| INVOKING Heroism.
  8780 | Lair:1   | 8780 ||| INVOKING Heroism.
  8786 | Lair:1   | Received a gift from Okawaru
  9158 | Lair:1   | 9158 ||| Stepping ~*~*~tactically~*~*~ (stealth).
  9171 | Lair:1   | Reached skill level 12 in Axes
  9278 | Lair:1   | Reached skill level 6 in Shields
  9308 | Lair:1   | Noticed a boulder beetle
  9309 | Lair:1   | 9309 ||| INVOKING Heroism.
  9310 | Lair:1   | 9310 ||| INVOKING Finesse.
  9319 | Lair:1   | Killed a boulder beetle
  9529 | Lair:1   | 9529 ||| INVOKING Heroism.
  9608 | Lair:1   | 9608 ||| READING scroll labelled AHYHUE VELOLL.
  9707 | Lair:2   | 9707 ||| Stepping ~*~*~tactically~*~*~ (stealth).
  9796 | Lair:2   | Received a gift from Okawaru
  9924 | Lair:2   | 9924 ||| Stepping ~*~*~tactically~*~*~ (hiding).
  9927 | Lair:2   | 9927 ||| INVOKING Heroism.
  9936 | Lair:2   | 9936 ||| Stepping ~*~*~tactically~*~*~ (stealth).
  9942 | Lair:2   | 9942 ||| Stepping ~*~*~tactically~*~*~ (stealth).
  9945 | Lair:2   | 9945 ||| Stepping ~*~*~tactically~*~*~ (stealth).
  9949 | Lair:2   | 9949 ||| INVOKING Heroism.
  9974 | Lair:2   | 9974 ||| Stepping ~*~*~tactically~*~*~ (stealth).
 10000 | Lair:2   | 10000 ||| INVOKING Heroism.
 10157 | Lair:2   | 10157 ||| Stepping ~*~*~tactically~*~*~ (stealth).
 10163 | Lair:2   | 10163 ||| Stepping ~*~*~tactically~*~*~ (stealth).
 10177 | Lair:2   | Reached skill level 3 in Throwing
 10223 | Lair:2   | Noticed a skyshark
 10233 | Lair:2   | Killed a skyshark
 10233 | Lair:2   | Received a gift from Okawaru
 10234 | Lair:2   | Reached XP level 13. HP: 82/82 MP: 20/20
 10253 | Lair:2   | 10253 ||| DROPPING +0 broad axe.
 10270 | Lair:2   | 10270 ||| INVOKING Heroism.
 10607 | Lair:2   | 10607 ||| READING scroll labelled ALUWOK EWEROBO.
 10608 | Lair:2   | 10608 ||| READING 6 scrolls of identify.
 10608 | Lair:2   | 10608 ||| IDENTIFYING metallic clear potion
 10672 | Lair:3   | 10672 ||| INVOKING Heroism.
 10770 | Lair:3   | 10770 ||| INVOKING Heroism.
 10861 | Lair:3   | 10861 ||| INVOKING Heroism.
 10901 | Lair:3   | Found a hole to the Spider Nest.
 10991 | Lair:3   | Noticed Fannar
 10992 | Lair:3   | 10992 ||| Stepping ~*~*~tactically~*~*~ (hiding).
 10993 | Lair:3   | 10993 ||| Stepping ~*~*~tactically~*~*~ (hiding).
 10994 | Lair:3   | 10994 ||| INVOKING Heroism.
 10996 | Lair:3   | 10996 ||| Stepping ~*~*~tactically~*~*~ (hiding).
 10997 | Lair:3   | 10997 ||| Stepping ~*~*~tactically~*~*~ (hiding).
 11010 | Lair:3   | Killed Fannar
 11071 | Lair:3   | 11071 ||| Stepping ~*~*~tactically~*~*~ (hiding).
 11073 | Lair:3   | 11073 ||| INVOKING Heroism.
 11127 | Lair:3   | Found a staircase to the Shoals.
 11169 | Lair:3   | 11169 ||| Stepping ~*~*~tactically~*~*~ (hiding).
 11189 | Lair:3   | Identified the +2 hat "Damnable Contraption" {rN+} (Okawaru
                  | gifted it to you on level 3 of the Lair of Beasts)
 11189 | Lair:3   | Received a gift from Okawaru
 11379 | Lair:3   | 11379 ||| INVOKING Heroism.
 11380 | Lair:3   | 11380 ||| INVOKING Finesse.
 11386 | Lair:3   | 11386 ||| SWAPPING to +0 morningstar.
 11388 | Lair:3   | 11388 ||| SWAPPING to +11 war axe "Qonaamoe" {heavy,
                  | Str+2}.
 11441 | Lair:3   | 11441 ||| INVOKING Heroism.
 11939 | Lair:4   | 11939 ||| Stepping ~*~*~tactically~*~*~ (stealth).
 11945 | Lair:4   | 11945 ||| Stepping ~*~*~tactically~*~*~ (stealth).
 12067 | Lair:4   | 12067 ||| INVOKING Heroism.
 12117 | Lair:4   | 12117 ||| Stepping ~*~*~tactically~*~*~ (stealth).
 12119 | Lair:4   | 12119 ||| INVOKING Heroism.
 12120 | Lair:4   | 12120 ||| Stepping ~*~*~tactically~*~*~ (stealth).
 12123 | Lair:4   | 12123 ||| INVOKING Finesse.
 12135 | Lair:4   | Reached skill level 7 in Shields
 12311 | Lair:4   | 12311 ||| Stepping ~*~*~tactically~*~*~ (hiding).
 12338 | Lair:4   | 12338 ||| INVOKING Heroism.
 12810 | Lair:4   | 12810 ||| DROPPING ring of magical power.
 12811 | Lair:4   | 12811 ||| READING scroll labelled QALYAJ UTITU.
 12816 | Lair:5   | Entered Level 5 of the Lair of Beasts
 12816 | Lair:5   | Found a runed translucent door.
 12816 | Lair:5   | Found a viscous altar of Jiyva.
 12828 | Lair:5   | Found a staircase to the Slime Pits.
 12874 | Lair:5   | 12874 ||| Stepping ~*~*~tactically~*~*~ (stealth).
 12876 | Lair:5   | 12876 ||| Stepping ~*~*~tactically~*~*~ (stealth).
 12913 | Lair:5   | 12913 ||| Stepping ~*~*~tactically~*~*~ (stealth).
 12914 | Lair:5   | 12914 ||| INVOKING Heroism.
 12943 | Lair:5   | Gained mutation: Your large and strong wings let you fly.
                  | [Gargoyle growth]
 12943 | Lair:5   | Reached XP level 14. HP: 78/90 MP: 21/21
 13170 | Lair:5   | Reached skill level 15 in Axes
 13316 | Lair:5   | Received a gift from Okawaru
 13390 | Lair:5   | Reached skill level 12 in Fighting
 13422 | Lair:5   | 13422 ||| Stepping ~*~*~tactically~*~*~ (hiding).
 13435 | Lair:5   | 13435 ||| INVOKING Heroism.
 13481 | Lair:5   | 13481 ||| FLEEEEING.
 13485 | Lair:5   | 13485 ||| STAIRDANCE
 13540 | Lair:4   | 13540 ||| DROPPING +1 cloak.
 13546 | Lair:5   | 13546 ||| Stepping ~*~*~tactically~*~*~ (stealth).
 13548 | Lair:5   | 13548 ||| INVOKING Heroism.
 13549 | Lair:5   | 13549 ||| INVOKING Finesse.
 13550 | Lair:5   | 13550 ||| SWAPPING to +0 morningstar.
 13557 | Lair:5   | 13557 ||| SWAPPING to +11 war axe "Qonaamoe" {heavy,
                  | Str+2}.
 13603 | Lair:5   | Identified the +9 short sword "Gumalapn" {antimagic, Str+2}
 13677 | Lair:5   | Identified the ring "Patan" {Fly Int+6}
 13707 | Lair:5   | 13707 ||| INVOKING Heroism.
 13708 | Lair:5   | 13708 ||| INVOKING Finesse.
 13845 | Lair:5   | 13845 ||| INVOKING Heroism.
 13848 | Lair:5   | 13848 ||| SWAPPING to +0 morningstar.
 13856 | Lair:5   | Reached skill level 12 in Armour
 13867 | Lair:5   | 13867 ||| SWAPPING to +11 war axe "Qonaamoe" {heavy,
                  | Str+2}.
 14229 | Lair:5   | 14229 ||| Stepping ~*~*~tactically~*~*~ (hiding).
 14231 | Lair:5   | 14231 ||| INVOKING Heroism.
 14253 | Lair:5   | 14253 ||| Stepping ~*~*~tactically~*~*~ (stealth).
 14255 | Lair:5   | 14255 ||| Stepping ~*~*~tactically~*~*~ (stealth).
 14257 | Lair:5   | 14257 ||| Stepping ~*~*~tactically~*~*~ (stealth).
 14258 | Lair:5   | 14258 ||| Stepping ~*~*~tactically~*~*~ (stealth).
 14259 | Lair:5   | 14259 ||| Stepping ~*~*~tactically~*~*~ (stealth).
 14271 | Lair:5   | 14271 ||| INVOKING Finesse.
 14347 | Lair:5   | 14347 ||| Stepping ~*~*~tactically~*~*~ (hiding).
 14352 | Lair:5   | 14352 ||| INVOKING Heroism.
 14353 | Lair:5   | 14353 ||| INVOKING Finesse.
 14406 | Lair:5   | 14406 ||| Stepping ~*~*~tactically~*~*~ (stealth).
 14407 | Lair:5   | 14407 ||| Stepping ~*~*~tactically~*~*~ (stealth).
 14408 | Lair:5   | 14408 ||| Stepping ~*~*~tactically~*~*~ (stealth).
 14410 | Lair:5   | 14410 ||| Stepping ~*~*~tactically~*~*~ (hiding).
 14412 | Lair:5   | 14412 ||| Stepping ~*~*~tactically~*~*~ (hiding).
 14452 | Lair:5   | 14452 ||| Stepping ~*~*~tactically~*~*~ (stealth).
 14459 | Lair:5   | 14459 ||| INVOKING Heroism.
 14460 | Lair:5   | 14460 ||| INVOKING Finesse.
 14527 | Lair:5   | 14527 ||| INVOKING Heroism.
 14528 | Lair:5   | 14528 ||| INVOKING Finesse.
 14683 | Lair:5   | 14683 ||| INVOKING Heroism.
 14686 | Lair:5   | 14686 ||| SWAPPING to +0 morningstar.
 14693 | Lair:5   | 14693 ||| SWAPPING to +11 war axe "Qonaamoe" {heavy,
                  | Str+2}.
 14760 | Lair:5   | 14760 ||| PLANNING D:1-11
 14760 | Lair:5   | 14760 ||| DROPPING ring "Patan" {Fly Int+6}.
 14761 | Lair:5   | 14761 ||| READING 6 scrolls of identify.
 14761 | Lair:5   | 14761 ||| IDENTIFYING fuming white potion
 14762 | Lair:5   | 14762 ||| DRINKING potion of experience.
 14762 | Lair:5   | Reached skill level 10 in Shields
 14762 | Lair:5   | Reached XP level 15. HP: 96/96 MP: 22/22
 14913 | D:10     | Entered Level 10 of the Dungeon
 14955 | D:10     | 14955 ||| INVOKING Heroism.
 15061 | D:10     | Reached skill level 3 in Dodging
 15072 | D:10     | 15072 ||| FLEEEEING.
 15073 | D:10     | 15073 ||| FLEEEEING.
 15074 | D:10     | 15074 ||| FLEEEEING.
 15146 | D:10     | 15146 ||| DROPPING +0 flail of protection.
 15340 | D:10     | Found an ornate altar of the Wu Jian Council.
 15342 | D:10     | 15342 ||| Stepping ~*~*~tactically~*~*~ (hiding).
 15344 | D:10     | 15344 ||| Stepping ~*~*~tactically~*~*~ (hiding).
 15463 | D:10     | 15463 ||| Stepping ~*~*~tactically~*~*~ (hiding).
 15464 | D:10     | 15464 ||| Stepping ~*~*~tactically~*~*~ (hiding).
 15605 | D:10     | 15605 ||| Stepping ~*~*~tactically~*~*~ (hiding).
 15957 | D:10     | 15957 ||| DROPPING orb of mayhem.
 16020 | D:11     | 16020 ||| Stepping ~*~*~tactically~*~*~ (stealth).
 16034 | D:11     | Reached XP level 16. HP: 90/103 MP: 23/23
 16123 | D:11     | 16123 ||| DRINKING 16 potions of curing.
 16123 | D:11     | 16123 ||| (to cure confusion)
 16151 | D:11     | Received a gift from Okawaru
 16393 | D:11     | 16393 ||| PLANNING D
 16454 | D:12     | Noticed Josephine
 16460 | D:12     | Killed Josephine
 16784 | D:12     | 16784 ||| Stepping ~*~*~tactically~*~*~ (stealth).
 16786 | D:12     | 16786 ||| Stepping ~*~*~tactically~*~*~ (hiding).
 16834 | D:12     | 16834 ||| Stepping ~*~*~tactically~*~*~ (hiding).
 17043 | D:12     | Found a staircase to the Orcish Mines.
 17109 | D:12     | 17109 ||| READING scroll labelled OPPARE LOIKH.
 17226 | D:13     | Found a blossoming altar of Fedhas.
 17232 | D:13     | Noticed Urug
 17233 | D:13     | 17233 ||| INVOKING Heroism.
 17234 | D:13     | 17234 ||| INVOKING Finesse.
 17249 | D:13     | Killed Urug
 17253 | D:13     | 17253 ||| Stepping ~*~*~tactically~*~*~ (stealth).
 17287 | D:13     | Found a frozen archway.
 17359 | D:13     | Noticed Frances
 17360 | D:13     | 17360 ||| INVOKING Heroism.
 17361 | D:13     | 17361 ||| INVOKING Finesse.
 17373 | D:13     | Killed Frances
 17492 | D:13     | 17492 ||| FLEEEEING.
 17493 | D:13     | 17493 ||| FLEEEEING.
 17494 | D:13     | 17494 ||| FLEEEEING.
 17553 | D:13     | Identified the +4 ring mail of Natab {rPois Regen+ Int+4}
 17569 | D:13     | 17569 ||| INVOKING Heroism.
 17570 | D:13     | 17570 ||| READING 8 scrolls of teleportation.
 17571 | D:13     | 17571 ||| Stepping ~*~*~tactically~*~*~ (hiding).
 17573 | D:13     | 17573 ||| READING 7 scrolls of teleportation.
 17709 | D:13     | 17709 ||| Stepping ~*~*~tactically~*~*~ (stealth).
 17724 | D:13     | 17724 ||| Stepping ~*~*~tactically~*~*~ (stealth).
 17725 | D:13     | 17725 ||| Stepping ~*~*~tactically~*~*~ (stealth).
 17732 | D:13     | 17732 ||| INVOKING Heroism.
 17735 | D:13     | 17735 ||| READING 6 scrolls of teleportation.
 17770 | D:13     | 17770 ||| Stepping ~*~*~tactically~*~*~ (stealth).
 17771 | D:13     | 17771 ||| Stepping ~*~*~tactically~*~*~ (stealth).
 17773 | D:13     | 17773 ||| Stepping ~*~*~tactically~*~*~ (stealth).
 17816 | D:13     | 17816 ||| Stepping ~*~*~tactically~*~*~ (stealth).
 17818 | D:13     | 17818 ||| Stepping ~*~*~tactically~*~*~ (stealth).
 17841 | D:13     | Received a gift from Okawaru
 17842 | D:13     | Reached skill level 6 in Throwing
 17848 | D:13     | 17848 ||| FLEEEEING.
 17849 | D:13     | 17849 ||| FLEEEEING.
 17850 | D:13     | 17850 ||| FLEEEEING.
 17851 | D:13     | 17851 ||| FLEEEEING.
 17852 | D:13     | 17852 ||| FLEEEEING.
 17853 | D:13     | 17853 ||| FLEEEEING.
 17854 | D:13     | 17854 ||| FLEEEEING.
 17888 | D:13     | 17888 ||| Stepping ~*~*~tactically~*~*~ (stealth).
 17890 | D:13     | 17890 ||| Stepping ~*~*~tactically~*~*~ (stealth).
 17892 | D:13     | 17892 ||| Stepping ~*~*~tactically~*~*~ (stealth).
 17898 | D:13     | 17898 ||| DROPPING +1 heavy war axe.
 17907 | D:13     | 17907 ||| Stepping ~*~*~tactically~*~*~ (stealth).
 18220 | D:13     | Found a gate to the Vaults.
 18227 | D:13     | 18227 ||| UPGRADING to +0 kite shield.
 18237 | D:13     | 18237 ||| DROPPING +0 buckler.
 18238 | D:13     | 18238 ||| DROPPING +4 ring of protection.
 18309 | D:14     | 18309 ||| INVOKING Heroism.
 18310 | D:14     | 18310 ||| INVOKING Finesse.
 18312 | D:14     | 18312 ||| SWAPPING to +0 morningstar.
 18323 | D:14     | 18323 ||| SWAPPING to +11 war axe "Qonaamoe" {heavy,
                  | Str+2}.
 18495 | D:14     | Reached skill level 11 in Shields
 18527 | D:14     | 18527 ||| Stepping ~*~*~tactically~*~*~ (stealth).
 18529 | D:14     | 18529 ||| Stepping ~*~*~tactically~*~*~ (stealth).
 18535 | D:14     | 18535 ||| Stepping ~*~*~tactically~*~*~ (hiding).
 18560 | D:14     | Found a transporter.
 18560 | D:14     | Found Qohin's Jewellery Shop.
 18763 | D:14     | Found a transporter.
 19026 | D:15     | Entered Level 15 of the Dungeon
 19027 | D:15     | 19027 ||| PLANNING BAZAAR
 19037 | D:15     | Reached skill level 12 in Shields
 19248 | D:15     | 19248 ||| Stepping ~*~*~tactically~*~*~ (hiding).
 19303 | D:15     | Noticed Louise
 19304 | D:15     | 19304 ||| INVOKING Heroism.
 19305 | D:15     | 19305 ||| Stepping ~*~*~tactically~*~*~ (hiding).
 19307 | D:15     | 19307 ||| Stepping ~*~*~tactically~*~*~ (hiding).
 19308 | D:15     | 19308 ||| INVOKING Finesse.
 19328 | D:15     | 19328 ||| Stepping ~*~*~tactically~*~*~ (hiding).
 19340 | D:15     | Killed Louise
 19340 | D:15     | Received a gift from Okawaru
 19388 | D:15     | Found a flickering gateway to a bazaar.
 19389 | D:15     | 19389 ||| UPGRADING to +0 tower shield.
 19399 | D:15     | 19399 ||| DROPPING +0 kite shield.
 19400 | D:15     | 19400 ||| DROPPING amulet of the acrobat.
 19401 | D:15     | 19401 ||| READING 10 scrolls of identify.
 19401 | D:15     | 19401 ||| IDENTIFYING amethyst potion
 19402 | D:15     | 19402 ||| DROPPING potion of berserk rage.
 19408 | Bazaar   | Entered a bazaar
 19429 | Bazaar   | Found Vapualuo's Antique Weapon Shoppe.
 19429 | Bazaar   | Found Ifav's Antique Weapon Emporium.
 19451 | Bazaar   | Found Wuyb's Antique Armour Emporium.
 19456 | Bazaar   | 19456 ||| BUYING jewelled plate armour (560 gold).
 19456 | Bazaar   | Bought a jewelled plate armour for 560 gold pieces
 19456 | Bazaar   | Identified the +3 plate armour "Laupliwnu" {rN+ Dex+2
                  | Stlth+} (You bought it in a shop in a bazaar)
 19456 | Bazaar   | 19456 ||| BUYING pair of runed gloves (150 gold).
 19456 | Bazaar   | Bought a pair of runed gloves for 150 gold pieces
 19456 | Bazaar   | 19456 ||| BUYING shiny plate armour (520 gold).
 19456 | Bazaar   | Bought a shiny plate armour for 520 gold pieces
 19467 | Bazaar   | Found Sobuysk's Magic Scroll Shoppe.
 19467 | Bazaar   | Found Iwkonlyl's Magic Scroll Emporium.
 19472 | Bazaar   | 19472 ||| BUYING 3 scrolls of identify (72 gold).
 19472 | Bazaar   | Bought 3 scrolls of identify for 72 gold pieces
 19472 | Bazaar   | 19472 ||| BUYING scroll of enchant armour (90 gold).
 19472 | Bazaar   | Bought a scroll of enchant armour for 90 gold pieces
 19472 | Bazaar   | 19472 ||| READING scroll of enchant armour.
 19472 | Bazaar   | 19472 ||| ENCHANTING +0 pair of gloves.
 19502 | Bazaar   | 19502 ||| UPGRADING to +3 plate armour "Laupliwnu" {rN+
                  | Dex+2 Stlth+}.
 19512 | Bazaar   | 19512 ||| DROPPING +3 plate armour.
 19513 | Bazaar   | 19513 ||| DROPPING +1 pair of gloves of stealth.
 19517 | D:15     | 19517 ||| PLANNING D
 19587 | D:15     | 19587 ||| Stepping ~*~*~tactically~*~*~ (hiding).
 19720 | D:15     | 19720 ||| Stepping ~*~*~tactically~*~*~ (hiding).
 19722 | D:15     | 19722 ||| Stepping ~*~*~tactically~*~*~ (hiding).
 19760 | D:15     | Noticed Rupert
 19761 | D:15     | 19761 ||| INVOKING Heroism.
 19762 | D:15     | 19762 ||| INVOKING Finesse.
 19763 | D:15     | 19763 ||| DRINKING 17 potions of curing.
 19763 | D:15     | 19763 ||| (to cure confusion)
 19776 | D:15     | Killed Rupert
 19776 | D:15     | Received a gift from Okawaru
 19777 | D:15     | Reached skill level 13 in Shields
 19817 | D:15     | Found a broken altar of Ashenzari.
 19824 | D:15     | 19824 ||| INVOKING Heroism.
 19830 | D:15     | Paralysed by a great orb of eyes for 5 turns
 19975 | D:15     | 19975 ||| Stepping ~*~*~tactically~*~*~ (stealth).
 20008 | D:15     | 20008 ||| Stepping ~*~*~tactically~*~*~ (stealth).
 20015 | D:15     | 20015 ||| Stepping ~*~*~tactically~*~*~ (stealth).
 20016 | D:15     | 20016 ||| Stepping ~*~*~tactically~*~*~ (stealth).
 20017 | D:15     | 20017 ||| Stepping ~*~*~tactically~*~*~ (stealth).
 20161 | D:15     | Found a staircase to the Depths.
 20745 | D:15     | 20745 ||| PLANNING ORC
 20745 | D:15     | 20745 ||| DROPPING +6 ring of dexterity.
 20845 | Orc:1    | Entered Level 1 of the Orcish Mines
 20846 | Orc:1    | 20846 ||| INVOKING Heroism.
 20858 | Orc:1    | 20858 ||| Stepping ~*~*~tactically~*~*~ (hiding).
 20859 | Orc:1    | 20859 ||| Stepping ~*~*~tactically~*~*~ (hiding).
 20860 | Orc:1    | 20860 ||| Stepping ~*~*~tactically~*~*~ (hiding).
 21153 | Orc:1    | 21153 ||| Stepping ~*~*~tactically~*~*~ (stealth).
 21155 | Orc:1    | 21155 ||| Stepping ~*~*~tactically~*~*~ (stealth).
 21163 | Orc:1    | 21163 ||| FLEEEEING.
 21164 | Orc:1    | 21164 ||| FLEEEEING.
 21165 | Orc:1    | 21165 ||| FLEEEEING.
 21166 | Orc:1    | 21166 ||| FLEEEEING.
 21212 | Orc:1    | 21212 ||| DROPPING +0 morningstar.
 21425 | Orc:2    | Entered Level 2 of the Orcish Mines
 21534 | Orc:1    | 21534 ||| Stepping ~*~*~tactically~*~*~ (hiding).
 21538 | Orc:1    | 21538 ||| INVOKING Heroism.
 21540 | Orc:1    | Received a gift from Okawaru
 21548 | Orc:1    | Reached skill level 14 in Shields
 21548 | Orc:1    | 21548 ||| INVOKING Finesse.
 21555 | Orc:1    | Reached XP level 17. HP: 93/108 MP: 18/24
 21732 | Orc:2    | 21732 ||| Stepping ~*~*~tactically~*~*~ (stealth).
 21734 | Orc:2    | 21734 ||| Stepping ~*~*~tactically~*~*~ (hiding).
 21735 | Orc:2    | 21735 ||| Stepping ~*~*~tactically~*~*~ (hiding).
 21737 | Orc:2    | 21737 ||| Stepping ~*~*~tactically~*~*~ (hiding).
 21743 | Orc:2    | 21743 ||| Stepping ~*~*~tactically~*~*~ (hiding).
 21774 | Orc:1    | Noticed Erica
 21777 | Orc:1    | 21777 ||| INVOKING Heroism.
 21778 | Orc:1    | 21778 ||| INVOKING Finesse.
 21789 | Orc:1    | Killed Erica
 22099 | Orc:2    | 22099 ||| Stepping ~*~*~tactically~*~*~ (stealth).
 22102 | Orc:2    | 22102 ||| Stepping ~*~*~tactically~*~*~ (hiding).
 22109 | Orc:2    | 22109 ||| Stepping ~*~*~tactically~*~*~ (hiding).
 22135 | Orc:2    | 22135 ||| INVOKING Heroism.
 22142 | Orc:2    | Reached skill level 15 in Shields
 22150 | Orc:2    | 22150 ||| INVOKING Finesse.
 22172 | Orc:2    | HP: 23/108 [orc high priest/divine providence (9)]
 22173 | Orc:2    | 22173 ||| READING 6 scrolls of teleportation.
 22174 | Orc:2    | 22174 ||| DRINKING 4 potions of heal wounds.
 22335 | Orc:2    | Found Jacweca's Assorted Antiques.
 22342 | Orc:2    | Found a staircase to the Elven Halls.
 22350 | Orc:2    | 22350 ||| BUYING 2 potions of might (280 gold).
 22350 | Orc:2    | Bought 2 potions of might for 280 gold pieces
 22350 | Orc:2    | 22350 ||| BUYING potion of haste (350 gold).
 22350 | Orc:2    | Bought a potion of haste for 350 gold pieces
 22350 | Orc:2    | 22350 ||| SHOPLISTING scroll of acquirement (1820 gold,
                  | have 129).
 22427 | Orc:2    | 22427 ||| Stepping ~*~*~tactically~*~*~ (hiding).
 22430 | Orc:2    | 22430 ||| Stepping ~*~*~tactically~*~*~ (hiding).
 22469 | Orc:2    | 22469 ||| Stepping ~*~*~tactically~*~*~ (stealth).
 22475 | Orc:2    | 22475 ||| Stepping ~*~*~tactically~*~*~ (hiding).
 22520 | Orc:2    | 22520 ||| INVOKING Heroism.
 22567 | Orc:2    | 22567 ||| Stepping ~*~*~tactically~*~*~ (stealth).
 22568 | Orc:2    | 22568 ||| Stepping ~*~*~tactically~*~*~ (stealth).
 22579 | Orc:2    | 22579 ||| FLEEEEING.
 22580 | Orc:2    | 22580 ||| FLEEEEING.
 22676 | Orc:2    | Noticed Snorg
 22684 | Orc:2    | 22684 ||| INVOKING Heroism.
 22686 | Orc:2    | Killed Snorg
 22818 | Orc:2    | Found Yry Imp's Antique Armour Shoppe.
 22819 | Orc:2    | Found Gouhog's Antique Weapon Emporium.
 22821 | Orc:2    | Found Xeossa's General Store.
 22821 | Orc:2    | Found Cuob's Book Shoppe.
 22825 | Orc:2    | 22825 ||| BUYING potion of heal wounds (75 gold).
 22825 | Orc:2    | Bought a potion of heal wounds for 75 gold pieces
 22825 | Orc:2    | 22825 ||| BUYING scroll of teleportation (45 gold).
 22825 | Orc:2    | Bought a scroll of teleportation for 45 gold pieces
 22835 | Orc:2    | 22835 ||| SHOPLISTING embroidered scarf (176 gold, have
                  | 82).
 22835 | Orc:2    | 22835 ||| SHOPLISTING pair of distressingly furry boots
                  | (209 gold, have 82).
 22837 | Orc:2    | 22837 ||| SHOPLISTING runed broad axe (119 gold, have 82).
 22913 | Orc:2    | 22913 ||| PLANNING SHOALS:1-3
 23117 | Shoals:1 | Entered Level 1 of the Shoals
 23207 | Shoals:1 | Noticed a kraken
 23214 | Shoals:1 | 23214 ||| INVOKING Heroism.
 23215 | Shoals:1 | Killed a kraken
 23216 | Shoals:1 | Reached skill level 16 in Shields
 23385 | Shoals:1 | Identified Roxanne's Verses on the Ground
 23385 | Shoals:1 | Noticed Roxanne
 23386 | Shoals:1 | 23386 ||| INVOKING Heroism.
 23387 | Shoals:1 | 23387 ||| INVOKING Finesse.
 23409 | Shoals:1 | Killed Roxanne
 23539 | Shoals:1 | Noticed Aizul
 23540 | Shoals:1 | 23540 ||| INVOKING Heroism.
 23541 | Shoals:1 | 23541 ||| INVOKING Finesse.
 23553 | Shoals:1 | Killed Aizul
 23656 | Shoals:1 | Noticed Mlioglotl
 23657 | Shoals:1 | 23657 ||| INVOKING Heroism.
 23658 | Shoals:1 | 23658 ||| INVOKING Finesse.
 23667 | Shoals:1 | Killed Mlioglotl
 23667 | Shoals:1 | Received a gift from Okawaru
 23859 | Shoals:1 | Found a sparkling altar of Nemelex Xobeh.
 24033 | Shoals:1 | 24033 ||| Stepping ~*~*~tactically~*~*~ (stealth).
 24034 | Shoals:1 | 24034 ||| Stepping ~*~*~tactically~*~*~ (stealth).
 24043 | Shoals:1 | Reached skill level 17 in Shields
 24044 | Shoals:1 | Received a gift from Okawaru
 24325 | Shoals:1 | 24325 ||| DROPPING +3 chain mail of positive energy.
 24352 | Shoals:2 | 24352 ||| INVOKING Heroism.
 24362 | Shoals:2 | Found Wiacadam's Magic Scroll Emporium.
 24368 | Shoals:2 | 24368 ||| INVOKING Finesse.
 24369 | Shoals:2 | 24369 ||| INVOKING Finesse.
 24421 | Shoals:2 | 24421 ||| INVOKING Heroism.
 24490 | Shoals:2 | 24490 ||| BUYING scroll of enchant armour (127 gold).
 24490 | Shoals:2 | Bought a scroll of enchant armour for 127 gold pieces
 24490 | Shoals:2 | 24490 ||| SHOPLISTING scroll of enchant weapon (127 gold,
                  | have 31).
 24490 | Shoals:2 | 24490 ||| SHOPLISTING scroll of teleportation (51 gold,
                  | have 31).
 24490 | Shoals:2 | 24490 ||| READING scroll of enchant armour.
 24490 | Shoals:2 | 24490 ||| ENCHANTING +1 pair of gloves.
 24568 | Shoals:2 | 24568 ||| INVOKING Heroism.
 24726 | Shoals:2 | Found Gososch's Antique Weapon Shop.
 24740 | Shoals:2 | 24740 ||| INVOKING Heroism.
 24813 | Shoals:2 | Identified the staff of fire "Ustug" {rF+ Str+6 Dex+4}
 25080 | Shoals:2 | Found Xutuh's Distillery.
 25083 | Shoals:2 | 25083 ||| BUYING 2 potions of attraction (84 gold).
 25083 | Shoals:2 | Bought 2 potions of attraction for 84 gold pieces
 25083 | Shoals:2 | 25083 ||| BUYING potion of attraction (42 gold).
 25083 | Shoals:2 | Bought a potion of attraction for 42 gold pieces
 25083 | Shoals:2 | 25083 ||| SHOPLISTING potion of curing (42 gold, have 5).
 25083 | Shoals:2 | 25083 ||| SHOPLISTING potion of haste (140 gold, have 5).
 25083 | Shoals:2 | 25083 ||| SHOPLISTING potion of mutation (112 gold, have
                  | 5).
 25083 | Shoals:2 | 25083 ||| SHOPLISTING potion of resistance (140 gold, have
                  | 5).
 25198 | Shoals:2 | Found Pianeq's Weapon Shop.
 25334 | Shoals:3 | Found Vevumom's Jewellery Shop.
 25374 | Shoals:3 | 25374 ||| INVOKING Heroism.
 25385 | Shoals:3 | Received a gift from Okawaru
 25494 | Shoals:3 | 25494 ||| Stepping ~*~*~tactically~*~*~ (hiding).
 25654 | Shoals:3 | 25654 ||| INVOKING Heroism.
 25750 | Shoals:3 | Received a gift from Okawaru
 25882 | Shoals:3 | 25882 ||| INVOKING Heroism.
 25883 | Shoals:3 | 25883 ||| Stepping ~*~*~tactically~*~*~ (hiding).
 25963 | Shoals:3 | 25963 ||| Stepping ~*~*~tactically~*~*~ (stealth).
 26030 | Shoals:3 | 26030 ||| INVOKING Heroism.
 26035 | Shoals:3 | Reached XP level 18. HP: 116/116 MP: 23/25
 26045 | Shoals:3 | 26045 ||| DROPPING +0 hand axe of flaming.
 26340 | Shoals:3 | 26340 ||| PLANNING SPIDER:1-3
 26340 | Shoals:3 | 26340 ||| READING scroll labelled OSAZEL WIKH.
 26484 | Spider:1 | Entered Level 1 of the Spider Nest
 26490 | Spider:1 | 26490 ||| INVOKING Heroism.
 26498 | Spider:1 | Reached skill level 18 in Shields
 26498 | Spider:1 | 26498 ||| Stepping ~*~*~tactically~*~*~ (hiding).
 26508 | Spider:1 | 26508 ||| INVOKING Heroism.
 26517 | Spider:1 | HP: 22/116 [boulder beetle (21)]
 26517 | Spider:1 | Blown up by an orb spider

Levels and vault maps discovered:
D:1:      heliophobic_arrival_ceremonial_halls, layout_basic, minmay_cut_off
D:2:      layout_rooms
D:3:      layout_loops_ring, uniq_crazy_yiuf_cottage, uniq_jessica, uniq_terence
D:4:      layout_basic, temple_hall, uniq_ijyb
D:5:      kennysheep_kobold_camp, layout_rooms, zin_treasury,
          hangedman_decor_slide_cut, corexii_item_surrounded_by_moat,
          nicolae_take_the_stairs, minmay_manual_mess
D:6:      layout_loops_ring, lightli_temple_of_fire
D:7:      layout_loops_cross, nzn_ghost_randoct, minmay_misc_feat_columns,
          nicolae_shop_sticking_my_neck_out, uniq_pikel, uniq_menkaure
D:8:      hangedman_cross_veins, layout_loops_cross, serial_shops, shop,
          uniq_maggie
D:9:      layout_roguey, chequers_temple_overflow_minitemple,
          minmay_lair_entry_grove, minmay_bent
D:10:     layout_basic, old_standard_altar, special_room [special_room_bee],
          grunt_decor_resistance, dilly_guarded_unrand_elemental_staff
D:11:     layout_rooms
D:12:     layout_long_grid, orc_0_dummy, uniq_josephine
D:13:     layout_big_octagon, ximxim_vaults_locker_room,
          portal_ice_cave_entry_ice_simulacra, fedhas_bush_and_centaur_altar,
          uniq_frances, uniq_urug
D:14:     layout_irregular_city, serial_shops, nicolae_shop_drivethru
D:15:     hangedman_depths_entry_try_elsewhere_first, layout_basic,
          serial_shops, bzr_entry_water, ashenzari_altar_1, uniq_louise,
          uniq_rupert
Temple:   nicolae_temple_no_exploring_needed
Lair:1:   layout_cave_pods, nzn_sisyphean_effort, grunt_megastairs_3
Lair:2:   layout_cave_pods
Lair:3:   layout_layer_cave, minmay_shoals_entry_beasts, spider_nest_entry_webs,
          uniq_fannar
Lair:4:   layout_loops_ring, chequers_serial_rivers_micro_d
Lair:5:   evilmike_catoblepas_cave, layout_cave_pods, slime_entry_2,
          minmay_shattered_shrine
Shoals:1: layout_shoals, lemuel_centaur_altar, uniq_roxanne, uniq_aizul,
          uniq_mlioglotl
Shoals:2: layout_shoals, serial_shops, shop, nicolae_shop_back_alley_shop, shop,
          nicolae_shop_real_fake_doors, nicolae_shoals_square_sea_wall
Shoals:3: layout_shoals, serial_shops, shop
Spider:1: layout_spider_delve, ebering_ghost_disaster_area, drop_trap,
          uniq_asterion
Orc:1:    cheibrodos_orc_guarddog, layout_caves, elf_legates, uniq_erica
Orc:2:    st_orc_congregation, layout_diamond_mine, serial_shops, shop,
          mines2_david, uniq_snorg

Skill      XL: |  1  2  3  4  5  6  7  8  9 10 11 12 13 14 15 16 17 18 |
---------------+-------------------------------------------------------+-----
Axes           | 2 3 4 5 7 9 10 11 13 14 16 | 16.0
Throwing       | 1 2 3 6 7 |  7.0
Fighting       | 4 5 6 8 9 10 11 12 13 14 | 14.0
Armour         | 4 5 6 8 10 11 12 13 | 13.3
Invocations    | 2 4 6 9 10 | 10.0
Dodging        | 1 2 3 4 |  4.0
Shields        | 5 6 7 10 14 17 18 | 18.0

Action                     |  1- 3 |  4- 6 |  7- 9 | 10-12 | 13-15 | 16-18 || total
---------------------------+-------+-------+-------+-------+-------+-------++-------
  Melee: War axe           |   124 |   153 |   220 |   338 |   419 |   816 ||  2070
         Morningstar       |       |       |       |    13 |    31 |    10 ||    54
  Throw: Javelin           |       |    37 |    15 |       |       |   147 ||   199
         Boomerang         |       |       |    27 |    90 |   121 |    31 ||   269
 Invoke: Heroism           |       |       |     9 |    18 |    22 |    28 ||    77
         Finesse           |       |       |       |     2 |     8 |    12 ||    22
    Use: Scroll            |     2 |     6 |     7 |     6 |     4 |     9 ||    34
         Potion            |       |     4 |     5 |     1 |     1 |     3 ||    14
   Stab: Distracted        |       |       |       |       |     1 |       ||     1
 Armour: Scale mail        |    92 |    53 |       |       |       |       ||   145
         Plate armour      |       |    38 |   166 |   231 |   273 |   389 ||  1097
  Dodge: Dodged            |    69 |    52 |    88 |   245 |   248 |   359 ||  1061
  Block: Buckler           |    29 |    27 |    57 |    88 |   118 |    35 ||   354
         Tower shield      |       |       |       |       |       |   596 ||   596
         Kite shield       |       |       |       |       |       |    61 ||    61

Table legend:
 A = Non-vault XP
 B = Vault XP
 C = Vault XP percentage of total XP
 D = Non-vault monster count
 E = Vault monster count
 F = Vault count percentage of total count
                 A         B        C        D         E       F
            +---------+---------+-------+---------+---------+-------
      Total |  137146 |   77513 |  36.1 |     686 |     284 |  29.3
            +---------+---------+-------+---------+---------+-------
        D:1 |      54 |       0 |   0.0 |      31 |       0 |   0.0
        D:2 |     102 |       0 |   0.0 |      30 |       0 |   0.0
        D:3 |      66 |      73 |  52.5 |      13 |       2 |  13.3
        D:4 |     312 |      73 |  19.0 |      27 |       2 |   6.9
        D:5 |    1012 |     226 |  18.3 |      29 |      27 |  48.2
        D:6 |    1912 |       0 |   0.0 |      24 |       0 |   0.0
        D:7 |     863 |     823 |  48.8 |      19 |       2 |   9.5
        D:8 |    1295 |    6405 |  83.2 |      27 |      21 |  43.8
        D:9 |    2619 |    4231 |  61.8 |      33 |      20 |  37.7
       D:10 |    1955 |    4380 |  69.1 |      29 |      30 |  50.8
       D:11 |    4146 |       0 |   0.0 |      26 |       0 |   0.0
       D:12 |    2351 |    2111 |  47.3 |      12 |       7 |  36.8
       D:13 |    7635 |    7026 |  47.9 |      24 |      22 |  47.8
       D:14 |    9124 |       0 |   0.0 |      24 |       0 |   0.0
       D:15 |    8373 |    5559 |  39.9 |      16 |       6 |  27.3
     Lair:1 |    5318 |    1089 |  17.0 |      29 |       3 |   9.4
     Lair:2 |    7200 |       0 |   0.0 |      31 |       0 |   0.0
     Lair:3 |    5024 |    2085 |  29.3 |      17 |       5 |  22.7
     Lair:4 |   11294 |       0 |   0.0 |      33 |       0 |   0.0
     Lair:5 |    8632 |   19767 |  69.6 |      24 |      42 |  63.6
   Shoals:1 |   13039 |    4562 |  25.9 |      29 |       7 |  19.4
   Shoals:2 |   16723 |       0 |   0.0 |      33 |       0 |   0.0
   Shoals:3 |   14060 |       0 |   0.0 |      26 |       0 |   0.0
   Spider:1 |    6850 |       0 |   0.0 |      22 |       0 |   0.0
      Orc:1 |    5095 |    7762 |  60.4 |      55 |      18 |  24.7
      Orc:2 |    2092 |   11341 |  84.4 |      23 |      70 |  75.3
            +---------+---------+-------+---------+---------+-------
